 Dungeon Crawl Stone Soup version 0.28.0-53-g5a82cb258f (webtiles) character file.

Game seed: 7216170105153297507

164 fuccboisucc420 the Cudgeller (level 5, -14/41 HPs)
             Began as a Demonspawn Abyssal Knight on July 19, 2022.
             Was a Believer of Lugonu.
             Demolished by an ogre
             ... wielding a +0 giant club
              (23 damage)
             ... on level 4 of the Dungeon.
             The game lasted 00:09:12 (3383 turns).

fuccboisucc420 the Cudgeller (DsAK)                 Turns: 3383, Time: 00:09:13

Health: -14/41     AC: 14    Str: 15    XL:     5   Next: 21%
Magic:  7/7        EV:  3    Int: 12    God:    Lugonu [**....]
Gold:   205        SH:  8    Dex: 19    Spells: 4/4 levels left

rFire   . . .      SeeInvis .   a - +1 mace
rCold   . . .      Faith    .   c - +0 kite shield
rNeg    . . .      Spirit   .   k - +0 plate armour
rPois   .          Reflect  .   (helmet restricted)
rElec   .          Harm     .   (no cloak)
rCorr   .          Rampage  .   (no gloves)
Will    .....                   (no boots)
Stlth   ..........              (no amulet)
HPRegen 0.13/turn               e - ring of wizardry
MPRegen 0.10/turn               f - +6 ring of dexterity

@: no status effects
A: horns 1, yellow scales 2
a: Renounce Religion, Depart the Abyss, Bend Space


You were on level 4 of the Dungeon.
You worshipped Lugonu.
Lugonu was pleased with you.
You visited 1 branch of the dungeon, and saw 4 of its levels.
You visited the Abyss 1 time.

You collected 205 gold pieces.

Inventory:

Hand Weapons
 a - a +1 mace (weapon)
 o - a +0 dagger of distortion
Armour
 c - a +0 kite shield (worn)
 k - a +0 plate armour (worn)
Jewellery
 e - a ring of wizardry (left hand)
 f - a +6 ring of dexterity (right hand)
Scrolls
 g - 2 scrolls of identify {unknown}
 i - a scroll of blinking {unknown}
 j - a scroll of brand weapon {unknown}
 l - 2 scrolls of fear {unknown}
 m - a scroll of magic mapping {unknown}
 p - a scroll of teleportation {unknown}
Potions
 b - a potion of might {unknown}
 d - a potion of invisibility {unknown}
 h - 2 potions of heal wounds {unknown}
 n - a potion of berserk rage {unknown}


   Skills:
 + Level 3.5 Fighting
 + Level 3.6 Maces & Flails
 + Level 2.2 Armour
 + Level 1.6 Dodging
 + Level 0.9 Stealth
 + Level 1.0 Shields
 + Level 2.6 Invocations


You had 4 spell levels left.
You didn't know any spells.
Your spell library contained the following spells:

 Spells                   Type           Power      Damage    Failure   Level
 Call Canine Familiar     Summ           0%         N/A       100%        3
 Gell's Gravitas          Tloc           0%         N/A       100%        3
 Ignite Poison            Fire/Tmut/Pois 0%         N/A       100%        3
 Mephitic Cloud           Conj/Pois/Air  0%         N/A       100%        3
 Portal Projectile        Hex/Tloc       0%         N/A       100%        3
 Teleport Other           Tloc           0%         N/A       100%        3
 Leda's Liquefaction      Hex/Erth       0%         N/A       100%        4
 Freezing Cloud           Conj/Ice/Air   0%         6-21      100%        5
 Dispersal                Tloc           0%         N/A       100%        6


Dungeon Overview and Level Annotations

Branches:
Dungeon (4/15)
 Temple: D:4-7

Altars:
Cheibriados
Fedhas
Hepliaklqana
Wu Jian
Yredelemnul
The Shining One

Shops:
D:2 :   D:4 [


Innate Abilities, Weirdness & Mutations

You have a pair of small horns on your head.
You are mostly covered in yellow scales. (AC +3)


Message History

The goblin hits you but does no damage. Space warps horribly around you!!
Ouch! That really hurt!
You thump the goblin!
You kill the goblin!
Lugonu accepts your kill.
You see here a +0 dagger of distortion.
You start resting.
HP restored.
You see here a +0 dagger of distortion.
o - a +0 dagger of distortion
Found a scroll labelled ZABEMY MAYLURGH.
p - a scroll labelled ZABEMY MAYLURGH You open the door.
Found a stone staircase leading down.
There is an open door here.
There is a stone staircase leading down here.
As you open the door, it creaks loudly!
There is an open door here.
There is an open door here.
Found a stone staircase leading up.
An ogre comes into view. It is wielding a +0 giant club.
The ogre shouts!
Found a twisted emerald ring.
A giant cockroach comes into view.
The ogre hits you with a +0 giant club!
You sock the ogre! Your headbutt misses the ogre.
The ogre is moderately wounded.
You block the ogre's attack.
You hit the ogre.
The ogre is moderately wounded.
The ogre hits you with a +0 giant club.
You hit the ogre.
The ogre is heavily wounded.
The ogre hits you with a +0 giant club!
* * * LOW HITPOINT WARNING * * *
You hit the ogre. You headbutt the ogre.
The ogre is severely wounded.
The ogre hits you with a +0 giant club!!
Ouch! That really hurt!
You die...

#.# #............# #.#
#############.# #.#
#.............# #.#
#.############# #.# #.#
###.# #.#######.# ....#
#..........
....#########..######..#=
....'...........@OB......
....#########..######..#.
...>'................
....#########..######
....# #..# ....# #..####
....# #.....# ##########
#.#...# ##.......#
#.#.###


You could see an ogre and a giant cockroach.

Vanquished Creatures
  An ogre (D:3)
  An adder (D:3)
  An adder skeleton (D:4)
  A worm (D:2)
  A dart slug (D:2)
  An orc (D:4)
  3 endoplasms
  2 giant cockroaches (D:2)
  10 goblins
  9 hobgoblins
  2 jackals (D:2)
  6 kobolds
  3 quokkas
  8 ball pythons
  4 bats
  2 frilled lizards (D:3)
  5 rats
60 creatures vanquished.

Notes
Turn   | Place    | Note
-------+----------+-------------------------------------------
     0 | Abyss:1  | fuccboisucc420 the Demonspawn Abyssal Knight began the
                  | quest for the Orb.
     0 | Abyss:1  | Reached XP level 1. HP: 18/18 MP: 2/2
    14 | D:1      | Escaped the Abyss
    78 | D:1      | Reached skill level 1 in Dodging
   135 | D:1      | Gained mutation: You are partially covered in yellow
                  | scales. (AC +2) [demonic ancestry]
   135 | D:1      | Reached XP level 2. HP: 19/24 MP: 3/3
   238 | D:1      | Found a faded altar of an unknown god.
  1068 | D:2      | Gained mutation: You have a pair of small horns on your
                  | head. [demonic ancestry]
  1068 | D:2      | Reached XP level 3. HP: 29/29 MP: 4/4
  1134 | D:2      | Reached ** piety under Lugonu
  1464 | D:2      | Found Ziozxos's Book Emporium.
  1908 | D:3      | Noticed an ogre
  1922 | D:3      | Killed an ogre
  1923 | D:3      | Reached XP level 4. HP: 15/35 MP: 6/6
  1923 | D:3      | Gained mutation: You are mostly covered in yellow scales.
                  | (AC +3) [demonic ancestry]
  1923 | D:3      | Reached XP level 5. HP: 18/41 MP: 7/7
  2358 | D:3      | Found a basalt altar of Yredelemnul.
  2375 | D:3      | Found a hazy altar of Hepliaklqana.
  2377 | D:3      | Found a snail-covered altar of Cheibriados.
  2515 | D:3      | Reached skill level 1 in Shields
  2693 | D:3      | Found a blossoming altar of Fedhas.
  2923 | D:4      | Found Yhyemmih's Antique Armour Shoppe.
  2971 | D:4      | Identified the +1 leather armour "Fode" {Drain rN++ Stlth+}
  3036 | D:4      | Found an ornate altar of the Wu Jian Council.
  3374 | D:4      | Noticed an ogre
  3383 | D:4      | Demolished by an ogre

Illustrated notes

Levels and vault maps discovered:
D:1:      saegor_arrival_simple_a, layout_basic, ebering_ecumenical_altar_hall,
          chequers_serial_rivers_micro_c
D:2:      layout_basic, serial_shops, nicolae_shop_behind_doors
D:3:      layout_loops_corners, mainiacjoe_overflow_alcove_2, tso_oasis_becter,
          minitemple, minmay_misc_feat_diagonals
D:4:      layout_basic, nzn_wu_jian_contemplation,
          minmay_temple_entry_butterflies, serial_shops,
          nicolae_shop_hallway_stairs

Skill      XL: |  1  2  3  4  5 |
---------------+----------------+-----
Dodging        | 1 |  1.6
Maces & Flails | 2 3 |  3.6
Armour         | 2 |  2.2
Shields        | 1 |  1.0
Fighting       | |  3.5
Stealth        | |  0.9
Invocations    | |  2.6

Action                   |  1- 3 |  4- 6 || total
-------------------------+-------+-------++-------
Melee: Mace              |    99 |    30 ||   129
       Headbutt          |     9 |     7 ||    16
Armor: Leather armour    |    39 |     1 ||    40
       Plate armour      |       |    22 ||    22
Dodge: Dodged            |    55 |     4 ||    59
Block: Kite shield       |    45 |     9 ||    54
